 Dungeon Crawl Stone Soup version 0.19-a0-2241-gf3739c9 (webtiles) character file.

1887 Blackhawk the Carver (level 8, -3/75 HPs)
             Began as a Minotaur Berserker on Mar 7, 2017.
             Was an Elder of Trog.
             Killed from afar by an orc wizard (7 damage)
             ... with a magic dart
             ... on level 7 of the Dungeon.
             The game lasted 00:16:13 (5446 turns).

Blackhawk the Carver (Minotaur Berserker)           Turns: 5446, Time: 00:16:16

Health: -3/75      AC:  4 (0%)Str: 24   XL:     8   Next: 92%
Magic:  7/7        EV: 14    Int:  4    God:    Trog [****..]
Gold:   479        SH:  0    Dex: 13    Spells: 7/7 levels left

rFire    + . .     SeeInvis +   n - +2 hand axe (freeze)
rCold    . . .     Faith    .   k - +2 robe {MR+}
rNeg     . . .     Spirit   .   (no shield)
rPois    .         Reflect  .   (helmet restricted)
rElec    .         NoTele   +   (no cloak)
rCorr    .                      B - -1 pair of gloves of Thank Me Later {-Tele rF+ MR+ Slay+5}
MR       ++...                  (no boots)
Stlth    ++........             m - amulet of regeneration
Regen    0.7/turn               e - ring of see invisible
MPRegen  0.2/turn               c - +3 ring of dexterity

@: exhausted, slowed, very slow
A: retaliatory headbutt, horns 2
a: Berserk, Trog's Hand, Brothers in Arms, Renounce Religion


You were on level 7 of the Dungeon.
You worshipped Trog.
Trog was greatly pleased with you.
You were not hungry.

You visited 1 branch of the dungeon, and saw 7 of its levels.
You also visited: Ossuary.

You collected 779 gold pieces.
You spent 300 gold pieces at shops.

Inventory:

Hand Weapons
 a - a +0 falchion
 n - a +2 hand axe of freezing (weapon)
Armour
 b - a +0 animal skin
 j - a +0 cloak
 k - a +2 robe of magic resistance (worn)
 B - the -1 pair of gloves of Thank Me Later (worn) {-Tele rF+ MR+ Slay+5}
   (You acquired it on level 6 of the Dungeon)

   It affects your accuracy and damage with ranged weapons and melee attacks
   (+5).
   It protects you from fire.
   It affects your resistance to hostile enchantments.
   It prevents most forms of teleportation.
Jewellery
 c - a +3 ring of dexterity (left hand)
 e - a ring of see invisible (right hand)
 m - an amulet of regeneration (around neck)
 t - an uncursed ring of protection from magic
 u - an uncursed amulet of guardian spirit
Wands
 q - a wand of flame (1)
 s - a wand of confusion (10)
Scrolls
 d - a scroll of recharging
 f - 6 scrolls of teleportation
 p - 2 scrolls of fear
 x - 2 scrolls of enchant armour
 y - a scroll of blinking
 A - a scroll of fog
Potions
 g - 2 potions of might
 h - 4 potions of heal wounds
 i - 2 potions of curing
 l - 2 potions of cancellation
 o - 2 potions of berserk rage
 r - 2 potions of magic
 v - a potion of invisibility
 w - 3 potions of resistance
 z - a potion of brilliance


   Skills:
 + Level 8.3 Fighting
 + Level 9.9 Long Blades
 * Level 6.1 Armour
 - Level 4.0 Dodging
 - Level 1.1 Stealth


You had 7 spell levels left.
You didn't know any spells.

Dungeon Overview and Level Annotations

Branches:
Dungeon (7/15)             Temple (0/1) D:4
   Lair: D:-1         Crypt: Vaults:-1     Tomb: Vaults:-1

Altars:
Qazlal
Ru
Trog
Vehumet
Xom

Shops:
D:4 (*==


Innate Abilities, Weirdness & Mutations

You reflexively headbutt those who attack you in melee.
You have a pair of horns on your head.


Message History

The orc warrior hits you with a +0 mace (7)!
The orc closely misses you.
You barely miss the orc warrior. You slash the orc wizard (7)!
You freeze the orc wizard (2).
The orc warrior hits you with a +0 mace (21)!!
The orc wizard casts a spell at you. The magic dart hits you!
That hurt (5)!
* * * LOW HITPOINT WARNING * * *
The orc warrior hits you with a +0 mace (16)!
* * * LOW HITPOINT WARNING * * *
The orc wizard closely misses you.
The orc wizard casts a spell.
The orc wizard blinks!
The orc warrior hits you with a +0 mace (4).
* * * LOW HITPOINT WARNING * * *
The orc wizard misses you. You furiously retaliate!
You headbutt the orc wizard (11)! The orc wizard casts a spell at you.
The magic dart hits you!
That hurt (7)!
You die...

)†...# ####......#
.....#####.[.......#
.............#...###
.###.............#
.#E#.............#
.###........#....##
##
##.[..####.#...### .
## ##.#..#
#.#.o...##.. .#
#.##..#..#.@......#
.## #.#
#....#.oo....##
..####.#
.......o...>.#
#.......
.###........## ....#
##..§...## ..#.#
#......# .##.##.
...##.## ........
.... .. .....##.
....# ##.


You could see an orc warrior, 2 orc wizards and an orc.

Vanquished Creatures
  A spiny frog zombie (D:7)
  Duvessa (D:6)
  A black bear (D:7)
  3 ogres
  A bullfrog (D:4)
  Dowan (D:6)
  A wyvern skeleton (D:6)
  A scorpion (D:6)
  A crimson imp (D:5)
  3 wights (D:7)
  A centaur zombie (D:6)
  A quasit (D:5)
  2 orc priests
  5 hounds
  A jelly (D:6)
  4 orc wizards
  A centaur skeleton (D:4)
  Terence (D:3)
  4 worker ants
  An iguana (D:6)
  A big kobold zombie (Ossuary)
  2 hound zombies
  9 mummies
  Robin (D:3)
  3 gnolls (D:3)
  An adder (D:2)
  A shadow imp (D:6)
  2 adder skeletons (D:4)
  3 dart slugs
  18 orcs
  9 quokkas
  2 ball pythons
  3 giant cockroaches
  3 gnoll zombies (Ossuary)
  6 goblins (D:3)
  8 hobgoblins
  8 jackals
  6 bats
  13 frilled lizards
  2 hobgoblin zombies (Ossuary)
  13 kobolds
  3 kobold zombies
  An orc zombie (D:6)
  13 rats
166 creatures vanquished.

Notes
Turn   | Place    | Note
-------+----------+-------------------------------------------
     0 | D:1      | Blackhawk the Minotaur Berserker began the quest for the Orb.
     0 | D:1      | Reached XP level 1. HP: 19/19 MP: 0/0
   173 | D:1      | Reached XP level 2. HP: 23/27 MP: 1/1
   282 | D:1      | Reached skill level 4 in Long Blades
   315 | D:1      | Reached XP level 3. HP: 26/33 MP: 2/2
   470 | D:1      | Reached ** piety under Trog
   739 | D:2      | Found a sacrificial altar of Ru.
   761 | D:2      | Reached XP level 4. HP: 41/41 MP: 3/3
  1052 | D:2      | Found a bloodstained altar of Trog.
  1154 | D:2      | Found a shimmering altar of Xom.
  1234 | D:2      | Reached skill level 5 in Long Blades
  1450 | D:3      | Noticed Robin
  1461 | D:3      | Killed Robin
  1461 | D:3      | Reached *** piety under Trog
  1773 | D:3      | Reached XP level 5. HP: 47/47 MP: 4/4
  1941 | D:3      | Noticed Terence
  1948 | D:3      | Killed Terence
  2035 | D:3      | Reached skill level 5 in Fighting
  2582 | D:4      | Reached skill level 6 in Long Blades
  2582 | D:4      | Reached skill level 1 in Stealth
  2582 | D:4      | Reached XP level 6. HP: 48/56 MP: 5/5
  2610 | D:4      | Found Haapnu's Jewellery Shoppe.
  2619 | D:4      | Bought an uncursed amulet of regeneration for 300 gold pieces
  2850 | D:4      | Found Muats's Jewellery Shoppe.
  2901 | D:4      | Found Enoegoot's General Store.
  2910 | D:4      | Found Tiurihum's Antique Weapon Boutique.
  3202 | D:4      | Found a staircase to the Ecumenical Temple.
  3225 | D:5      | Entered Level 5 of the Dungeon
  3260 | D:5      | Found a radiant altar of Vehumet.
  3413 | D:5      | Reached skill level 7 in Long Blades
  3413 | D:5      | Reached XP level 7. HP: 61/62 MP: 6/6
  3945 | D:6      | Noticed Dowan
  3946 | D:6      | Noticed Duvessa
  3953 | D:6      | Killed Duvessa
  3953 | D:6      | Reached skill level 8 in Long Blades
  3955 | D:6      | Killed Dowan
  4024 | D:6      | Reached XP level 8. HP: 60/71 MP: 7/7
  4071 | D:6      | Reached skill level 5 in Armour
  4200 | D:6      | Found a radiant altar of Vehumet.
  4209 | D:6      | Reached **** piety under Trog
  4347 | D:6      | Found a sand-covered staircase.
  4355 | Ossuary  | Entered an ossuary
  4369 | Ossuary  | Reached skill level 9 in Long Blades
  4599 | D:6      | Got the -1 pair of gloves of Thank Me Later {-Tele rF+ MR+ Slay+5}
  4934 | D:7      | Noticed an air elemental
  5368 | D:7      | Found a stormy altar of Qazlal.
  5446 | D:7      | Killed from afar by an orc wizard

Vault maps used:
D:1:      sevenhm_arrival_forest_fort_small_6, nrook_loot_triangle
D:2:      brannock_xom_greatest_gift, nicolae_ru_great_annihilating_truth,
          trog_three_pillars_becter
D:3:      uniq_terence, uniq_robin
D:4:      temple_hall_moat, serial_shops, shop, shop, shop, shop
D:5:      vehumet_altar_wand_db
D:6:      old_standard_altar, nicolae_ossuary_entry_giza, uniq_duvessa
D:7:      nicolae_qazlal_style_of_elements
Ossuary:  ossuary_tomb_3

Skill      XL: |  1  2  3  4  5  6  7  8 |
---------------+-------------------------+-----
Fighting       | 4 5 6 8 |  8.3
Long Blades    | 4 5 6 7 8 9 |  9.9
Dodging        | 3 4 |  4.0
Stealth        | 1 |  1.1
Armour         | 3 4 6 |  6.1

Action                   |  1- 3 |  4- 6 |  7- 9 || total
-------------------------+-------+-------+-------++-------
Melee: Falchion          |    65 |   135 |       ||   200
       Headbutt          |    11 |    38 |    27 ||    76
       Hand axe          |       |    19 |   120 ||   139
Invok: Berserk           |       |     3 |     5 ||     8
  Use: Scroll            |       |       |     1 ||     1
 Stab: Sleeping          |     1 |     4 |     1 ||     6
       Paralysed         |     1 |       |       ||     1
Armor: Animal skin       |    11 |    11 |       ||    22
       Robe              |       |    11 |    14 ||    25
Dodge: Dodged            |    50 |    87 |    97 ||   234
